 Dungeon Crawl Stone Soup version 0.30.0 (webtiles) character file.

Game seed: 16568771985173668530

44 samcosmo the Firebug (level 3, -1/28 HPs)
             Began as a Draconian Fire Elementalist on July 24, 2023.
             Slain by a gnoll
             ... wielding a +0 flail
              (9 damage)
             ... on level 1 of the Dungeon.
             The game lasted 00:03:22 (1469 turns).

samcosmo the Firebug (Draconian Fire Elementalist)  Turns: 1469, Time: 00:03:23

Health: -1/28      AC:  6    Str: 10    XL:     3   Next: 41%
Magic:  1/7        EV: 12    Int: 17    God:
Gold:   83         SH:  0    Dex: 11    Spells: 4/7 levels left

rFire   . . .        g - +1 dagger (holy)
rCold   + . .        (no shield)
rNeg    . . .        (body armour unavailable)
rPois   .            (helmet restricted)
rElec   .            (no cloak)
rCorr   .            f - +0 pair of gloves
SInv    .            (no boots)
Will    .....        (no amulet)
Stlth   ++           b - ring of protection from cold
HPRegen 0.24/turn    (no ring)
MPRegen 0.10/turn

%: no passive effects
@: no status effects
A: AC +5, unfitting armour, cold-blooded
a: no special abilities


You were on level 1 of the Dungeon.
You visited 1 branch of the dungeon, and saw 2 of its levels.

You collected 83 gold pieces.

Inventory:

Hand Weapons
 g - a +1 dagger of holy wrath (weapon)
Armour
 f - a +0 pair of gloves (worn)
Jewellery
 b - a ring of protection from cold (left hand)
Scrolls
 c - 4 scrolls of identify {unknown}
 d - a scroll of blinking {unknown}
 e - 2 scrolls of teleportation {unknown}
Potions
 a - a potion of magic
 h - a potion of degeneration {unknown}
 i - a potion of curing {unknown}
 j - 2 potions of attraction {unknown}
 k - 2 potions of cancellation {unknown}
 l - a potion of might {unknown}


   Skills:
 + Level 1.4 Fighting
 - Level 1.8 Dodging
 - Level 1.8 Stealth
 * Level 2.8 Spellcasting
 - Level 1.0 Conjurations
 + Level 3.3 Fire Magic


You had 4 spell levels left.
You knew the following spells:

 Your Spells              Type           Power      Damage    Failure   Level
a - Foxfire               Conj/Fire      40%        2x1d6     7%          1
b - Scorch                Fire           26%        2d6       7%          2

Your spell library contained the following spells:

 Spells                   Type           Power      Damage    Failure   Level
 Shock                    Conj/Air       16%        1d4       14%         1
 Inner Flame              Hex/Fire       8%         N/A       26%         3
 Volatile Blastmotes      Fire/Tloc      16%        2d11      26%         3
 Swiftness                Air            2%         N/A       47%         3
 Flame Wave               Conj/Fire      10%        2d6       56%         4
 Airstrike                Air            1%         2d(1-17)  87%         4
 Iskenderun's Battlesphe  Conj           6%         2d6       97%         5
 Iron Shot                Conj/Erth      2%         9d2       100%        6
 Spellforged Servitor     Conj/Summ      2%         N/A       100%        7


Dungeon Overview and Level Annotations

Branches:
Dungeon (2/15)

Altars:


Innate Abilities, Weirdness & Mutations

Your plain brown scales are hard. (AC +5)
You cannot fit into any form of body armour.
You are cold-blooded and may be slowed by cold attacks.


Message History

The gnoll closely misses you.
You conjure some foxfire!
The foxfire hits the gnoll.
The gnoll is heavily wounded.
The foxfire hits the gnoll.
The gnoll is almost dead.
The gnoll hits you from afar with a +0 spear.
You conjure some foxfire!
The foxfire hits the gnoll but does no damage.
The gnoll is moderately wounded.
The gnoll barely misses you.
The gnoll hits you from afar with a +0 spear.
The gnoll closely misses you.
You are out of magic!
Unknown command.
Your foxfire dissipates!
The foxfire hits the gnoll.
The gnoll is almost dead.
The foxfire hits the gnoll.
The gnoll is heavily wounded.
The gnoll attacks as you move away! The gnoll hits you with a +0 flail.
The gnoll attacks as you move away! The gnoll hits you with a +0 flail.
* * * LOW HITPOINT WARNING * * *
The gnoll attacks as you move away! The gnoll hits you with a +0 flail.
* * * LOW HITPOINT WARNING * * *
The gnoll attacks as you move away! The gnoll completely misses you.
Things that are here:
a +0 club; a stone The gnoll attacks as you move away!
The gnoll closely misses you.
You see here a rat corpse.
The gnoll attacks as you move away! The gnoll misses you.
You see here an adder corpse.
There is a stone staircase leading up here.
The gnoll barely misses you.
You climb upwards.
There is a stone staircase leading down here.
You are too injured to fight recklessly!
Casting: Foxfire (safe; 7% risk of failure)
Confirm with . or Enter, or press ? or * to list all spells.
You conjure some foxfire!
The gnoll hits you with a +0 flail!
You die...

# #.# #..# #.........#.....+. #
#.# #.## #.........#.....#.
###'####.### #.############'##.
##......#...####.########........
........###.##.............##+#..
........'........#######...#.....
........####.#.#.####....#.#.....
........####.#.#vg....####.#.....
##########.....#@###### #.......
#.#.#############....###
##'#.............'.......
#.......##########.......
#.......# ##....### #.......#
#........ #.......# #..######
##'###### #..# #.# #..######


You could see a gnoll (ally target).

Vanquished Creatures
  An adder (D:2)
  A gnoll (D:2)
  4 bats
  2 endoplasms (D:1)
  2 giant cockroaches (D:1)
  3 goblins (D:1)
  A quokka (D:1)
  6 ball pythons
  2 kobolds
  5 rats
27 creatures vanquished.

Vanquished Creatures (others)
  89 foxfires
89 creatures vanquished.

Grand Total: 116 creatures vanquished

Notes
Turn   | Place    | Note
-------+----------+-------------------------------------------
     0 | D:1      | samcosmo the Draconian Fire Elementalist began the quest
                  | for the Orb.
     0 | D:1      | Reached XP level 1. HP: 14/14 MP: 3/3
   302 | D:1      | Reached XP level 2. HP: 22/22 MP: 1/5
   355 | D:1      | Learned a level 2 spell: Scorch
   584 | D:1      | Found a faded altar of an unknown god.
  1063 | D:1      | Reached skill level 1 in Fighting
  1346 | D:2      | Reached XP level 3. HP: 20/28 MP: 0/7
  1469 | D:1      | Slain by a gnoll

Illustrated notes

Levels and vault maps discovered:
D:1:      ncdulo_smallfort, layout_basic, ebering_ecumenical_altar_hall
D:2:      layout_rooms, uniq_robin

Skill      XL: |  1  2 |
---------------+-------+-----
Fighting       | 1 |  1.4
Dodging        | |  1.8
Stealth        | |  1.8
Spellcasting   | |  2.8
Conjurations   | |  1.0
Fire Magic     | |  3.3

Action                     || total
---------------------------++-------
  Melee: Unarmed           ||     4
         Tailslap          ||     1
         Dagger            ||     7
   Cast: Foxfire           ||    61
 Armour: Skin              ||     7
  Dodge: Dodged            ||    21
